 Dungeon Crawl Stone Soup version 0.23.0-3-gf3c87f2df8 (webtiles) character file.

Game seed: 434314738975322167

1676 Danqa the Covert (level 8, 0/40 HPs)
             Began as a Spriggan Assassin on Feb 24, 2019.
             Was a Follower of Dithmenos.
             Killed from afar by Harold (10 damage)
             ... with a harpoon shot
             ... on level 7 of the Dungeon.
             The game lasted 00:28:18 (9760 turns).

Danqa the Covert (Spriggan Assassin)                Turns: 9760, Time: 00:28:19

Health: 0/40       AC:  3    Str:  7    XL:     8   Next: 70%
Magic:  11/11      EV: 25    Int: 13    God:    Dithmenos [*.....]
Gold:   315        SH:  0    Dex: 19    Spells: 7/7 levels left

rFire    . . .     SeeInvis +   b - +0 blowgun
rCold    . . .     Gourm    .   (shield restricted)
rNeg     . . .     Faith    .   c - +0 robe
rPois    .         Spirit   .   (helmet restricted)
rElec    .         Reflect  .   d - +0 cloak
rCorr    .         Harm     .   (gloves unavailable)
MR       ++...                  (boots unavailable)
Stlth    ++++++....             (no amulet)
HPRegen  0.13/turn              p - ring of protection from magic
MPRegen  0.12/turn              (no ring)

@: wreathed by umbra, very quick
A: very small, unfitting armour, see invisible, herbivore, speed 3, slow
metabolism 2
a: Renounce Religion


You were on level 7 of the Dungeon.
You worshipped Dithmenos.
Dithmenos was aware of your devotion.
You were very hungry.

You visited 2 branches of the dungeon, and saw 8 of its levels.

You collected 315 gold pieces.

Inventory:

Hand Weapons
 a - a +2 dagger
 b - a +0 blowgun (weapon)
 q - a +0 short sword of speed
 y - a +2 dagger of draining
Missiles
 e - 8 poisoned needles
 f - 2 curare-tipped needles (quivered)
 r - 5 needles of confusion
 D - 2 throwing nets
Armour
 c - a +0 robe (worn)
 d - a +0 cloak (worn)
Jewellery
 p - a ring of protection from magic (left hand)
 v - an uncursed ring of wizardry
Wands
 l - a wand of flame (21)
 u - a wand of iceblast (3)
 w - a wand of disintegration (3)
Scrolls
 i - 2 scrolls of magic mapping
 j - a scroll of immolation {unknown}
 k - 6 scrolls of teleportation
 n - 2 scrolls of enchant armour
 x - a scroll of enchant weapon {unknown}
 A - a scroll of noise
 B - 3 scrolls of amnesia
 C - a scroll of fog
Potions
 h - 2 potions of curing
 m - a potion of ambrosia
 o - a potion of haste
 s - a potion of flight
 t - a potion of degeneration
 z - a potion of brilliance
Comestibles
 g - 9 rations


   Skills:
 + Level 3.3 Fighting
 + Level 6.7 Short Blades
 - Level 2.0 Throwing
 * Level 8.5 Dodging
 * Level 10.6 Stealth
 * Level 3.0 Evocations


You had 7 spell levels left.
You didn't know any spells.
Your spell library was empty.

Dungeon Overview and Level Annotations

Branches:
Dungeon (7/15)             Temple (1/1) D:4

Altars:
Cheibriados
Dithmenos
Elyvilon
Fedhas
Hepliaklqana
Kikubaaqudgha
Nemelex Xobeh
Okawaru
Qazlal
Ru
Sif Muna
Trog
Wu Jian
Xom
Yredelemnul
Zin
The Shining One

Annotations:
D:7 Harold, Joseph


Innate Abilities, Weirdness & Mutations

You are very small and have problems with some larger weapons.
You are too small for most types of armour.
You have supernaturally acute eyesight. (SInv)
You are a herbivore.
You cover ground extremely quickly.
You need to consume almost no food.


Message History

Level annotation: Harold, Joseph Joseph tries to grin evilly.
Joseph zaps a wand.
The bolt of acid misses you.
There is a stone staircase leading up here.
You see here a sling bullet.
Quivering
f - 2 curare-tipped needles for blowguns.
Joseph shoots a sling bullet.
The sling bullet completely misses you.
Harold points at you and mumbles some strange words.
The harpoon shot misses you.
Joseph shoots a sling bullet.
The sling bullet hits you!!
Ouch! That really hurt!
You see here a sling bullet.
Harold hits you from afar with a +0 halberd!
* * * LOW HITPOINT WARNING * * *
There is a stone staircase leading up, spattered with blood here.
You see here a sling bullet.
Joseph shoots a sling bullet.
The sling bullet completely misses you. Harold gestures at you while chanting.
The harpoon shot hits you!
You die...

..........#..##.......# #..
####.#............#..## ##.
####.#......#####....# #.
...#.##.....########.# #.
.............>##.....# #+# #.
.....................#####.#####.
#..######...#..#.................
<.............(.(#......##...####
#......#.......(@...((######.#
.....................@(((..@.#
##.##.####........@..######.##
#.##.........#.#.#..... ...#
#.##.##.#..........###.###.#
#.##.##.#....#.#.#..# . #.#
#.......#...........#.## ###
....#.#..#.#..#.#.#..#..#
....#....#.#............#


You could see Harold and Joseph.

Vanquished Creatures
  Sigmund (D:2)
  3 phantoms
  A centaur (D:5)
  2 ogres
  A bullfrog (D:6)
  2 scorpions (D:4)
  3 wights (D:5)
  A bullfrog zombie (D:7)
  3 orc priests (D:4)
  A hound (D:3)
  An orc wizard (D:4)
  A bullfrog skeleton (D:7)
  2 iguanas
  9 worker ants
  2 hound skeletons
  Robin (D:2)
  3 gnolls (D:6)
  A howler monkey skeleton (D:4)
  7 adders
  A shadow imp (D:7)
  An ooze (D:7)
  An adder skeleton (D:6)
  5 worms
  2 dart slugs
  3 leopard geckos
  17 orcs
  A ball python (D:4)
  2 bats
  6 giant cockroaches
  8 goblins
  7 hobgoblins
  9 jackals
  5 kobolds
  3 quokkas
  3 frilled lizards
  A leopard gecko skeleton (D:5)
  A leopard gecko zombie (D:6)
  7 rats
128 creatures vanquished.

Notes
Turn   | Place    | Note
-------+----------+-------------------------------------------
     0 | D:1      | Danqa the Spriggan Assassin began the quest for the Orb.
     0 | D:1      | Reached XP level 1. HP: 10/10 MP: 2/2
    48 | D:1      | You fall through a shaft!
    77 | D:2      | Reached skill level 6 in Stealth
   451 | D:2      | Reached XP level 2. HP: 14/14 MP: 3/3
   754 | D:2      | Reached skill level 7 in Stealth
   754 | D:2      | Reached XP level 3. HP: 15/18 MP: 4/4
  1286 | D:2      | Noticed Robin
  1358 | D:2      | Killed Robin
  1358 | D:2      | Reached XP level 4. HP: 12/23 MP: 5/5
  1711 | D:2      | Noticed Sigmund
  1757 | D:2      | Killed Sigmund
  1757 | D:2      | Reached skill level 8 in Stealth
  1757 | D:2      | Reached XP level 5. HP: 14/26 MP: 6/6
  2089 | D:3      | Reached XP level 6. HP: 29/30 MP: 7/7
  2916 | D:3      | Found a sacrificial altar of Ru.
  3243 | D:4      | Reached skill level 5 in Dodging
  3496 | D:4      | HP: 1/30 [ogre/+0 giant club (21)]
  4028 | D:3      | Reached skill level 9 in Stealth
  4079 | D:4      | You fall through a shaft for 2 floors!
  4080 | D:6      | Reached XP level 7. HP: 35/35 MP: 8/8
  4082 | D:6      | Found a blossoming altar of Fedhas.
  4088 | D:5      | Entered Level 5 of the Dungeon
  4158 | D:5      | Found a deep blue altar of Sif Muna.
  4941 | D:4      | Found a staircase to the Ecumenical Temple.
  4948 | Temple   | Entered the Ecumenical Temple
  4956 | Temple   | Became a worshipper of Dithmenos the Shadowed
  5533 | D:4      | Reached skill level 5 in Short Blades
  6249 | D:4      | Reached skill level 10 in Stealth
  6339 | D:4      | Reached XP level 8. HP: 19/39 MP: 9/9
  6995 | D:5      | Reached skill level 1 in Evocations
  8313 | D:6      | Reached * piety under Dithmenos
  8954 | D:7      | Noticed Joseph
  9294 | D:7      | Noticed Harold
  9760 | D:7      | Killed from afar by Harold

Skill      XL: |  1  2  3  4  5  6  7  8 |
---------------+-------------------------+-----
Stealth        | 6 7 8 9 10 | 10.6
Dodging        | 2 4 5 7 8 |  8.5
Fighting       | 2 3 |  3.3
Short Blades   | 3 4 5 6 |  6.7
Evocations     | 3 |  3.0
Throwing       | |  2.0

Action                   |  1- 3 |  4- 6 |  7- 9 || total
-------------------------+-------+-------+-------++-------
Melee: Dagger            |   109 |   114 |       ||   223
       Short sword       |       |   129 |   445 ||   574
 Fire: Blowgun           |    19 |    12 |    33 ||    64
Evoke: Wand              |       |       |    18 ||    18
  Use: Potion            |       |     1 |     1 ||     2
       Scroll            |       |       |    13 ||    13
 Stab: Sleeping          |     8 |    13 |    12 ||    33
  Eat: Ration            |       |     1 |     2 ||     3
Armor: Robe              |    11 |    15 |     7 ||    33
Dodge: Dodged            |    72 |   196 |   243 ||   511
